 Dungeon Sprint DCSS version 0.26.0-18-gc5c842f807 (webtiles) character file.

Game seed: 8367674136326526719

254 davaitedunem the Reanimator (level 5, -4/35 HPs)
             Began as a Vampire Necromancer on Jan 22, 2021.
             Slain by a slime creature (16 damage)
             ... in the Dungeon (Sprint I: "Red Sonja").
             The game lasted 00:08:41 (362 turns).

davaitedunem the Reanimator (Vampire Necromancer)    Turns: 362, Time: 00:08:41

Health: -4/35      AC:  3    Str:  7    XL:     5   Next: 91%
Magic:  5/14       EV: 15    Int: 18    God:
Gold:   108        SH:  0    Dex: 15    Spells: 11/17 levels left

rFire    . . .     SeeInvis +   b - +3 scythe (pain)
rCold    . . .     Faith    .   (shield currently unavailable)
rNeg     . . .     Spirit   .   c - +1 robe {Will+}
rPois    .         Reflect  .   (no helmet)
rElec    .         Harm     .   (no cloak)
rCorr    .         Rampage  .   (no gloves)
Will     +....     NoTele   +   (no boots)
Stlth    ++++......             (no amulet)
HPRegen  0.31/turn              (no ring)
MPRegen  0.14/turn              (no ring)

@: regenerating quickly, hasted, very quick
A: fangs 3, see invisible, unbreathing
a: Exsanguinate


You were in the Dungeon.
You visited 1 branch You collected 108 gold pieces.

Inventory:

Hand Weapons
 b - a +3 scythe of pain (weapon)
Armour
 a - a +0 robe
 c - a +1 robe of willpower (worn)
Potions
 g - a potion of berserk rage


   Skills:
 + Level 5.7 Dodging
 + Level 8.4 Stealth
 * Level 6.8 Spellcasting
 * Level 8.9 Necromancy


You had 11 spell levels left.
You knew the following spells:

 Your Spells              Type           Power        Failure   Level
a - Pain                  Necr           100%         1%          1
b - Animate Skeleton      Necr           76%          1%          1
c - Animate Dead          Necr           19%          2%          4

Your spell library contained the following spells:

 Spells                   Type           Power        Failure   Level
 Vampiric Draining        Necr           19%          1%          3
 Agony                    Necr           38%          8%          5


Dungeon Overview and Level Annotations

Branches:
Dungeon (1/1)

Altars:
Makhleb
Xom
Jiyva
Lugonu


Innate Abilities, Weirdness & Mutations

Your natural rate of healing is unusually fast.
You have razor-sharp teeth.
You have supernaturally acute eyesight. (SInv)
You can survive without breathing.


Message History

Aiming: Pain (safe; 1% risk of failure)
Press: ? - help, Shift-Dir - straight line, f/p - slime creature
Aim: a slime creature (heavily wounded, chance to affect: 71%)
The slime creature writhes in agony.
Casting: Pain (safe; 1% risk of failure)
Confirm with . or Enter, or press ? or * to list all spells.
Aiming: Pain (safe; 1% risk of failure)
Press: ? - help, Shift-Dir - straight line, f/p - slime creature
Aim: a slime creature (heavily wounded, chance to affect: 71%)
The slime creature struggles to resist.
Casting: Pain (safe; 1% risk of failure)
Confirm with . or Enter, or press ? or * to list all spells.
Aiming: Pain (safe; 1% risk of failure)
Press: ? - help, Shift-Dir - straight line, f/p - slime creature
Aim: a slime creature (heavily wounded, chance to affect: 71%)
The slime creature writhes in agony.
You hit the slime creature.
The slime creature writhes in agony!
The slime creature is severely wounded.
The slime creature barely misses you. The slime creature hits you!
You die...

################ #
#<.#..)..#..'..#__
#..'.[#..'..#..'..
#..#####+#####+#__
#..# # #J.# #@.#
#⌠⌠# ####


You could see a slime creature.

Vanquished Creatures
  Sigmund (D)
  An ogre (D)
  Ijyb (D)
3 creatures vanquished.

Notes
Turn   | Place    | Note
-------+----------+-------------------------------------------
     0 | D        | davaitedunem the Vampire Necromancer began the quest for
                  | the Orb.
     0 | D        | Reached XP level 1. HP: 13/13 MP: 3/3
     1 | D        | Noticed Ijyb
    13 | D        | Killed Ijyb
    14 | D        | Reached skill level 5 in Necromancy
    14 | D        | Reached XP level 2. HP: 12/19 MP: 2/6
    17 | D        | Learned a level 1 spell: Animate Skeleton
    44 | D        | Noticed an ogre
    56 | D        | Killed an ogre
    57 | D        | Reached skill level 5 in Spellcasting
    57 | D        | Reached XP level 3. HP: 20/24 MP: 0/9
    57 | D        | Reached XP level 4. HP: 25/30 MP: 0/11
    62 | D        | Learned a level 4 spell: Animate Dead
   161 | D        | Noticed Sigmund
   188 | D        | Killed Sigmund
   189 | D        | Reached skill level 5 in Dodging
   189 | D        | Reached XP level 5. HP: 2/35 MP: 4/14
   333 | D        | Found a burning altar of Makhleb.
   333 | D        | Found a viscous altar of Jiyva.
   333 | D        | Found a shimmering altar of Xom.
   333 | D        | Found a corrupted altar of Lugonu.
   333 | D        | Noticed a slime creature
   362 | D        | Slain by a slime creature

Illustrated notes

Levels and vault maps discovered:
D:        dungeon_sprint_1 [red_sonja_temple_1, red_sonja_temple_small_1]

Skill      XL: |  1  2  3  4 |
---------------+-------------+-----
Dodging        | 3 4 5 |  5.7
Stealth        | 4 6 8 |  8.4
Spellcasting   | 3 5 6 |  6.8
Necromancy     | 5 7 8 |  8.9

Action                   |  1- 3 |  4- 6 || total
-------------------------+-------+-------++-------
Melee: Unarmed           |     1 |       ||     1
       Scythe            |       |     1 ||     1
 Cast: Pain              |    13 |    22 ||    35
       Animate Skeleton  |     1 |     1 ||     2
       Animate Dead      |       |     1 ||     1
  Use: Potion            |     3 |     2 ||     5
       Scroll            |     1 |       ||     1
Armor: Robe              |     1 |       ||     1
Dodge: Dodged            |     6 |     8 ||    14
